Map: Crête de Lerilak

Players

Extranjero - Winner!

  • Race: Zerg Zerg
  • League: Silver
  • Spawn Location: 5:00

zidar

  • Race: Zerg Zerg
  • League: Silver
  • Spawn Location: 7:00

VOD

Have the link to the VOD?

Description

Time

  • Played on: Jan. 18, 2016, 2:35 p.m.
  • Length: 9:32
Show
View Real Time Build Order
Export as new Build Order

Extranjero Zerg - Winner!

Build Orders: Hatch First 

Get SALT Encoding   

  12  0:01  Drone  
  13  0:08  Drone  
  14  0:17  Overlord  
  14  0:35  Drone x3  
  17  0:55  Hatchery, Drone  
  17  1:00  Drone  
  18  1:08  Drone  
  19  1:17  Spawning Pool  
  18  1:19  Drone  
  19  1:30  Drone  
  20  1:34  Extractor  
  19  1:40  Drone  
  20  1:51  Drone  
  21  2:01  Drone  
  21  2:06  Extractor, Queen  
  21  2:07  Overlord  
  23  2:10  Queen  
  23  2:12  Drone  
  26  2:19  Spine Crawler  
  25  2:23  Drone  
  25  2:25  Drone  
  27  2:39  Drone  
  27  2:41  Spine Crawler  
  27  2:51  Drone x3  
  27  2:52  Drone  
  31  3:03  Zergling x4  
  31  3:04  Metabolic Boost  
  33  3:17  Drone x3  
  36  3:21  Spine Crawler  
  36  3:23  Spine Crawler  
  34  3:33  Queen  
  36  3:36  Overlord  
  36  3:45  Overlord  
  36  3:53  Queen  
  36  3:55  Drone x2  
  40  3:56  Drone x3  
  40  3:59  Extractor  
  42  4:05  Extractor  
  41  4:13  Drone x7  
  48  4:39  Roach Warren  
  48  4:40  Lair  
  48  4:43  Drone x5  
  52  5:04  Overlord x2  
  52  5:19  Hatchery  
  52  5:21  Extractor, Queen  
  52  5:41  Roach  
  52  5:42  Roach x7  
  68  5:49  Overlord x2  
  68  5:52  Extractor  
  67  6:07  Queen  
  69  6:28  Drone x6  
  69  6:29  Drone x7  
  69  6:30  Drone x2  
  69  6:31  Queen  
  86  6:40  Spire  
  83  6:48  Queen  
  83  6:55  Spine Crawler  
  82  7:07  Queen  
  60  7:39  Roach x4  
  60  7:40  Roach x13  
  85  8:13  Drone x2  
  85  8:14  Drone  
  88  8:21  Queen  
  90  8:38  Queen  
  84  9:07  Mutalisk x4  
Show
View Real Time Build Order
Export as new Build Order

zidar Zerg 

Build Orders: Hatch First 

Get SALT Encoding   

  12  0:02  Drone  
  13  0:12  Overlord  
  13  0:17  Drone  
  14  0:30  Drone x2  
  14  0:34  Drone  
  17  0:57  Hatchery  
  17  0:58  Drone  
  17  1:01  Extractor  
  17  1:03  Drone  
  17  1:21  Spawning Pool  
  17  1:23  Drone  
  17  1:41  Drone  
  18  1:52  Overlord  
  18  2:01  Drone  
  19  2:09  Queen  
  19  2:12  Roach Warren  
  20  2:18  Queen  
  23  2:24  Spine Crawler  
  22  2:35  Metabolic Boost  
  22  2:37  Spine Crawler  
  22  2:41  Zergling x4  
  23  2:44  Zergling x2  
  24  2:52  Zergling x4  
  26  3:33  Roach Warren  
  25  3:36  Overlord x3  
  25  3:43  Drone x2  
  25  3:47  Drone  
  28  4:01  Drone x3  
  31  4:03  Drone  
  32  4:16  Drone x3  
  35  4:17  Drone  
  36  4:36  Extractor  
  35  4:39  Roach  
  35  4:40  Roach x4  
  45  4:59  Roach x3  
  51  5:07  Overlord x2  
  51  5:25  Roach x6  
  63  5:34  Evolution Chamber  
  62  5:42  Roach  
  64  5:43  Roach x2  
  64  5:46  Overlord  
  68  5:53  Overlord  
  68  6:05  Roach x3  
  76  6:11  Roach  
  76  6:24  Roach x4  
  84  6:33  Overlord x2  
  83  6:51  Roach x2  
  83  6:52  Roach x2  
  83  6:53  Roach  
  31  8:04  Roach  
  31  8:05  Roach x8  
  47  8:25  Roach x2  
  51  8:30  Roach x2  
  55  8:37  Hatchery  
  52  8:43  Spore Crawler  
  43  8:48  Roach  
  43  8:49  Roach x7  
Tags
 
Add a new tag
Caveats
  • Supply blocks, unpowered buildings, or Contaminate may cause inaccurate times.
  • Supply counts are checked every 10 seconds.